AoeStats
← frankiejai

Black Forest

507287550Analyzed
3v3 RM · 14d ago on Sep 17, 2026· 64m 53s· 6 players
Game mode
Random Map
Map size
Normal (6 player)
Population
200
Speed
Normal
Resources
Standard
Victory
Conquest
Starting age
Dark Age
Ending age
Imperial Age
RankedLock teamsTeams togetherTeam positionsShared explorationLock speedFull tech treeHidden civsTurbo modeCheats
Victory
Defeat
🇷🇺 Italians · Russia
1037
+11
🇷🇺 Teutons · Russia
943
+15
🇰🇿 Khmer · Kazakhstan
899
+16
🇫🇷 Khmer · France
947
-15
🇺🇸 Burmese · United States
925
-14
🇸🇪 Britons · Sweden
894
-13
ASTERIX
0:26 Loom
11:15 Feudal Age
15:16 Castle Age
15:10 Double-Bit Axe
18:17 Wheelbarrow
24:35 Gold Mining
24:42 Stone Mining
26:49 Hand Cart
27:39 Fishing Lines
28:58 Bow Saw
32:27 Imperial Age
30:18 Horse Collar
33:04 Ballistics
32:57 Town Watch
33:35 Conscription
33:56 Town Patrol
33:50 Fletching
35:02 Chemistry
34:03 Crossbowman
35:47 Thumb Ring
35:56 Squires
36:57 Silk Road
38:17 Two-Man Saw
37:19 Heavy Plow
38:02 Padded Archer Armor
38:24 Pikeman
39:58 Leather Archer Armor
40:05 Arson
41:54 Bombard Tower
41:30 Murder Holes
41:42 Elite Genoese Crossbowman
44:32 Ring Archer Armor
43:58 Bodkin Arrow
44:35 Sanctity
46:17 Bracer
47:45 Onager
48:47 Caravan
оливье
0:28 Loom
11:42 Feudal Age
19:48 Castle Age
17:45 Horse Collar
17:55 Double-Bit Axe
18:07 Stone Mining
18:08 Gold Mining
22:05 Heavy Plow
25:23 Wheelbarrow
27:54 Bow Saw
28:28 Stone Shaft Mining
28:29 Gold Shaft Mining
33:16 Imperial Age
31:26 Forging
33:27 Fortified Wall
34:08 Double Crossbow
34:30 Conscription
35:15 Chemistry
35:27 Husbandry
35:39 Bloodlines
34:50 Light Cavalry
37:09 Crop Rotation
38:07 Hussar
39:50 Iron Casting
39:21 Scale Barding Armor
42:18 Blast Furnace
41:39 Chain Barding Armor
43:28 Padded Archer Armor
45:13 Elite Skirmisher
49:53 Pikeman
53:06 Plate Barding Armor
52:24 Fletching
52:49 Leather Archer Armor
52:35 Scale Mail Armor
54:17 Bodkin Arrow
leonidze
1:31 Loom
11:53 Feudal Age
20:10 Castle Age
21:24 Double-Bit Axe
23:17 Bow Saw
24:49 Horse Collar
26:01 Wheelbarrow
24:58 Man-at-Arms
27:35 Gold Mining
27:36 Stone Mining
28:42 Hand Cart
29:08 Pikeman
29:10 Long Swordsman
34:17 Imperial Age
32:17 Bloodlines
32:34 Town Watch
33:30 Scale Barding Armor
33:38 Forging
33:31 Scale Mail Armor
34:52 Gambesons
35:38 Heavy Plow
35:44 Cavalier
37:33 Chain Barding Armor
38:04 Paladin
41:24 Plate Barding Armor
43:21 Iron Casting
49:06 Blast Furnace
48:23 Chain Mail Armor
duck
13:47 Feudal Age
16:44 Wheelbarrow
16:05 Double-Bit Axe
20:24 Castle Age
21:02 Horse Collar
21:35 Bow Saw
22:42 Hand Cart
26:11 Heavy Plow
32:40 Imperial Age
31:07 Caravan
31:39 Town Watch
36:00 Elite Longbowman
36:42 Pikeman
37:23 Squires
37:09 Arson
37:57 Halberdier
40:29 Padded Archer Armor
40:19 Fletching
40:32 Scale Mail Armor
40:42 Forging
40:59 Yeomen
43:35 Ballistics
44:19 Chemistry
43:43 Chain Mail Armor
44:03 Iron Casting
43:25 Bodkin Arrow
Border
12:20 Feudal Age
15:29 Castle Age
13:58 Double-Bit Axe
13:59 Horse Collar
14:54 Loom
16:28 Heavy Plow
20:32 Stone Mining
23:11 Stone Shaft Mining
24:07 Gold Mining
29:17 Imperial Age
27:39 Gold Shaft Mining
28:39 Wheelbarrow
28:23 Fletching
28:33 Padded Archer Armor
29:15 Caravan
30:06 Bodkin Arrow
30:27 Leather Archer Armor
30:28 Forging
29:44 Pikeman
31:05 Conscription
31:39 Hoardings
31:07 Double Crossbow
32:18 Hand Cart
32:09 Bracer
32:40 Ring Archer Armor
32:56 Crop Rotation
34:29 Elite Ballista Elephant
34:52 Light Cavalry
35:34 Husbandry
35:45 Bloodlines
35:40 Murder Holes
35:38 Heated Shot
36:06 Hussar
38:21 Forging
38:17 Scale Barding Armor
40:55 Iron Casting
40:41 Chain Barding Armor
39:46 Halberdier
40:56 Ballistics
41:37 Chemistry
48:07 Blast Furnace
47:08 Scale Mail Armor
52:13 Chain Mail Armor
frankiejai
2:20 Loom
3:11 Loom
12:56 Feudal Age
13:40 Horse Collar
18:21 Castle Age
17:29 Stone Mining
20:57 Heavy Plow
28:22 Gold Mining
28:51 Town Watch
30:16 Gold Shaft Mining
31:29 Town Patrol
32:05 Wheelbarrow
32:05 Fervor
32:16 Sanctity
32:09 Redemption
32:02 Atonement
32:04 Devotion
32:01 Herbal Medicine
32:04 Treadmill Crane
35:01 Imperial Age
34:11 Hand Cart
34:16 Forging
34:08 Scale Mail Armor
34:14 Scale Barding Armor
34:00 Fletching
34:57 Husbandry
35:07 Bloodlines
35:08 Cavalier
35:10 Light Cavalry
35:40 Gambesons
35:56 Squires
36:35 Iron Casting
36:17 Chain Mail Armor
36:26 Masonry
36:28 Fortified Wall
36:24 Siege Engineers
36:52 Crop Rotation
36:54 Chain Barding Armor
36:38 Howdah
37:15 Elite Battle Elephant
38:07 Caravan
40:00 Conscription
41:39 Blast Furnace
42:32 Plate Barding Armor
43:06 Arson
42:43 Pikeman
42:43 Elite Skirmisher
45:19 Bodkin Arrow
45:39 Manipur Cavalry
48:29 Hussar
Connection lost

Rejoining the realm…

Still unreachable

The connection could not be restored.

Session expired

The server has moved on; the page needs a fresh start.